 Dungeon Crawl Stone Soup version 0.20-a0-16-g0876c8e (webtiles) character file.

65 Millan the Skirmisher (level 3, -1/29 HPs)
             Began as a Demonspawn Abyssal Knight on Nov 4, 2016.
             Was a Follower of Lugonu.
             Slain by a gnoll
             ... wielding a cursed -3 whip
              (4 damage)
             ... on level 2 of the Dungeon.
             The game lasted 00:08:09 (2150 turns).

Millan the Skirmisher (Demonspawn Abyssal Knight)   Turns: 2150, Time: 00:08:10

Health: -1/29      AC:  6    Str: 13    XL:     3   Next: 92%
Magic:  4/4        EV: 10    Int: 13    God:    Lugonu [*.....]
Gold:   75         SH:  0    Dex: 12    Spells: 0 memorised, 2 levels left

rFire  . . .     SeeInvis .     a - +1 falchion
rCold  . . .     Gourm    .     h - +0 ring mail
rNeg   . . .     Faith    .     (no shield)
rPois  .         Spirit   .     (no helmet)
rElec  .         Reflect  .     (no cloak)
rCorr  .         Harm     .     q - +0 pair of gloves
MR     .....                    (no boots)
Stlth  ++........               (no amulet)
                                (no ring)
                                (no ring)

@: no status effects
A: nightstalker 1
a: Depart the Abyss, Renounce Religion


You were on level 2 of the Dungeon.
You worshipped Lugonu.
Lugonu was aware of your devotion.
You were not hungry.

You visited 1 branch of the dungeon, and saw 2 of its levels.
You visited the Abyss 1 time.

You collected 75 gold pieces.

Inventory:

Hand Weapons
 a - a +1 falchion (weapon)
Armour
 b - a +0 leather armour
 h - a +0 ring mail (worn)
 q - a +0 pair of gloves (worn)
Scrolls
 d - a scroll of random uselessness {unknown}
 e - a scroll of noise {unknown}
 f - a scroll of teleportation {unknown}
 g - a scroll of magic mapping {unknown}
 j - 2 scrolls of recharging {unknown}
 l - 3 scrolls of identify {unknown}
Potions
 i - a potion of lignification {unknown}
 k - 2 potions of heal wounds {unknown}
 n - a potion of degeneration {unknown}
 o - a potion of ambrosia {unknown}
Comestibles
 c - 4 bread rations
 m - a chunk of flesh
 p - a beef jerky


   Skills:
 + Level 3.6 Fighting
 + Level 2.5 Long Blades
 + Level 2.4 Armour
 + Level 1.1 Dodging
 + Level 0.4 Stealth
 + Level 2.5 Invocations


You had 2 spell levels left.
You didn't know any spells.

Dungeon Overview and Level Annotations

Branches:
Dungeon (2/15)

Altars:


Innate Abilities, Weirdness & Mutations

You are slightly more attuned to the shadows.


Message History

You kill the goblin!
Lugonu accepts your kill.
A gnoll comes into view. It is wielding a whip.
The gnoll shouts!
Things that are here:
a dagger; a scroll labeled BANGAA WODOYS; a goblin corpse The gnoll hits you with a spear of piercing.
The gnoll barely misses you.
The gnoll hits you from afar with a spear of piercing.
The gnoll hits you from afar with a spear.
Things that are here:
a dagger; a scroll labeled BANGAA WODOYS; a goblin corpse You barely miss the gnoll.
The gnoll closely misses you. The gnoll hits you with a whip.
You hit the gnoll.
The gnoll is lightly wounded.
The gnoll hits you from afar with a spear of piercing!
* * * LOW HITPOINT WARNING * * *
x2 The gnoll hits you but does no damage.
The gnoll hits you with a whip.
You die...

...#..........#.>...#.......
...#..######+.#.....#.......
.. ##. #..###.###....... #.
#...............#
#.#.##..........#
#.#.##....).....# #
#.#.##..........#
#.####.#.##..........#
#.ggg@...##.%........#
##.g##.####..........#
.....##.# #..........#
......##.# ###########
.......##.# .....#.....
.....#.##.#


You could see 4 gnolls.

Vanquished Creatures
  2 adders (D:2)
  An ooze (D:1)
  A dart slug (D:1)
  2 leopard geckos (D:1)
  A ball python (D:2)
  9 goblins
  6 hobgoblins
  4 kobolds
  4 bats
  3 frilled lizards
  4 rats
37 creatures vanquished.

Notes
Turn   | Place    | Note
-------+----------+-------------------------------------------
     0 | Abyss:1  | Millan the Demonspawn Abyssal Knight began the quest for the Orb.
     0 | Abyss:1  | Reached XP level 1. HP: 18/18 MP: 2/2
   121 | Abyss:1  | Noticed a sixfirhy
   125 | D:1      | Escaped the Abyss
   694 | D:1      | Reached skill level 1 in Dodging
   694 | D:1      | Gained mutation: You are slightly more attuned to the shadows. [demonic ancestry]
   694 | D:1      | Reached XP level 2. HP: 21/24 MP: 3/3
  1152 | D:1      | Reached XP level 3. HP: 27/29 MP: 4/4
  1325 | D:2      | Reached * piety under Lugonu
  2150 | D:2      | Slain by a gnoll

Vault maps used:
D:1:      mrwooster_arrival_arrow, st_stairs_11
D:2:      serial_corexii_hall, corexii_hall_statues_x,
          corexii_hall_statues_deadend, first_bread, st_stairs_3

Skill      XL: |  1  2 |
---------------+-------+-----
Dodging        | 1 |  1.1
Long Blades    | 2 |  2.5
Armour         | 2 |  2.4
Fighting       | |  3.6
Stealth        | |  0.4
Invocations    | |  2.5

Action                   || total
-------------------------++-------
Melee: Falchion          ||   115
Invok: Depart the Abyss  ||     1
 Stab: Sleeping          ||     1
  Eat: Chunk             ||     4
Armor: Leather armour    ||     4
       Ring mail         ||    60
Dodge: Dodged            ||    70
       Rpst.: Falchion   ||    20
